 Dungeon Crawl Stone Soup version 0.29-a0-350-g7790a0e70a (webtiles) character file.

Game seed: 13416292290893325521

56 zishaf the Sneak (level 3, 0/19 HPs)
             Began as a Vine Stalker Brigand on Apr 22, 2022.
             Slain by a gnoll
             ... wielding a +0 club
              (1 damage)
             ... on level 2 of the Dungeon.
             The game lasted 00:02:02 (1853 turns).

zishaf the Sneak (Vine Stalker Brigand)             Turns: 1853, Time: 00:02:03

Health: 0/19       AC: 10    Str: 13    XL:     3   Next: 97%
Magic:  0/4        EV: 10    Int: 11    God:
Gold:   77         SH:  0    Dex: 17    Spells: 2/2 levels left

rFire   . . .      SeeInvis .   a - +2 dagger
rCold   . . .      Faith    .   (no shield)
rNeg    . . .      Spirit   +   l - +0 ring mail
rPois   .          Reflect  .   h - +2 helmet
rElec   .          Harm     .   c - +0 cloak
rCorr   .          Rampage  .   o - +0 pair of gloves
Will    .....                   (no boots)
Stlth   ++........              (no amulet)
HPRegen 0.06/turn               (no ring)
MPRegen 0.09/turn               (no ring)

@: no status effects
A: fangs 2, magic shield, antimagic bite, no potion heal 2
a: no special abilities


You were on level 2 of the Dungeon.
You visited 1 branch of the dungeon, and saw 2 of its levels.

You collected 77 gold pieces.

Inventory:

Hand Weapons
 a - a +2 dagger (weapon)
Missiles
 d - 9 poisoned darts (quivered)
 e - 3 curare-tipped darts
Armour
 c - a +0 cloak (worn)
 h - a +2 helmet (worn)
 l - a +0 ring mail (worn)
 o - a +0 pair of gloves (worn)
Scrolls
 f - 2 scrolls of identify {unknown}
 i - a scroll of fog {unknown}
 k - 2 scrolls of teleportation {unknown}
 n - a scroll of holy word {unknown}
 p - a scroll of amnesia {unknown}
Potions
 b - a potion of curing {unknown}
 g - a potion of ambrosia {unknown}
 j - 2 potions of heal wounds {unknown}
 m - a potion of brilliance {unknown}
 q - a potion of lignification {unknown}
 r - a potion of experience {unknown}


   Skills:
 + Level 2.4 Fighting
 + Level 2.3 Short Blades
 + Level 2.4 Throwing
 - Level 0.7 Dodging
 + Level 5.3 Stealth


You had 2 spell levels left.
You didn't know any spells.
Your spell library contained the following spells:

 Spells                   Type           Power      Damage    Failure   Level
 Summon Small Mammal      Summ           0%         N/A       61%         1
 Call Canine Familiar     Summ           0%         N/A       93%         3
 Summon Guardian Golem    Hex/Summ       0%         N/A       93%         3


Dungeon Overview and Level Annotations

Branches:
Dungeon (2/15)

Altars:
Zin


Innate Abilities, Weirdness & Mutations

You have extremely sharp teeth.
When hurt, damage is shared between your health and your magic reserves.
Your bite disrupts and absorbs the magic of your enemies.
Potions cannot restore your health.


Message History

You now have 77 gold pieces (gained 8).
A gnoll is nearby!
A gnoll is nearby!
The gnoll hits you but does no damage.
The gnoll shouts! x2
You hit the gnoll. You bite the gnoll, but do no damage.
The gnoll is moderately wounded.
A ball python comes into view.
The gnoll hits you from afar with a +0 spear.
The gnoll barely misses you. The gnoll attacks as you move away!
The gnoll hits you but does no damage.
You hit the gnoll but do no damage. Your bite misses the gnoll.
The gnoll is moderately wounded.
The gnoll hits you from afar with a +0 spear.
The gnoll misses you.
You closely miss the gnoll. Your bite misses the gnoll.
The gnoll is moderately wounded.
The gnoll hits you but does no damage. x2
You barely miss the gnoll. You bite the gnoll. You drain its power.
The gnoll is moderately wounded.
The gnoll hits you but does no damage. The gnoll barely misses you. x2
You hit the gnoll.
The gnoll is heavily wounded.
The gnoll misses you. The gnoll closely misses you.
The gnoll barely misses you.
You completely miss the gnoll.
The gnoll is heavily wounded.
The gnoll hits you from afar with a +0 spear. x2
The gnoll hits you with a +0 club.
* * * LOW HITPOINT WARNING * * *
The gnoll attacks as you move away! The gnoll hits you but does no damage.
The ball python hisses angrily.
The gnoll attacks as you move away! The gnoll hits you with a +0 club.
* * * LOW HITPOINT WARNING * * *
You barely miss the gnoll.
The gnoll is heavily wounded.
You hit the gnoll. Your bite misses the gnoll.
The gnoll is heavily wounded.
The gnoll hits you with a +0 club.
You die...

#.......#............##.#
#.......#............##.#
#...#####.#############.## ###.#
#.# #.......# ....#####.######
#.....#.## # #####..........#
#!....#..# .## # ...............#
#.....##.#... .
#####..........###.....##..#.## #
................@gg.g.........# #
######...#########...S.###....###
.....#...# #.....# ##......
.###.#...###. #.....# #..S....
.#............ #.....# #..>....
.#.#.#...###.. #.....# #.......
.#.#.##### ####### #.......
.#.#.# #....... .#.#.# #.......


You could see 3 gnolls and a ball python.

Vanquished Creatures
  An adder (D:2)
  3 dart slugs
  4 ball pythons
  2 bats (D:2)
  3 endoplasms (D:1)
  2 giant cockroaches (D:1)
  5 goblins
  6 hobgoblins
  2 kobolds
  2 quokkas (D:1)
  A frilled lizard (D:2)
  7 rats
38 creatures vanquished.

Notes
Turn   | Place    | Note
-------+----------+-------------------------------------------
     0 | D:1      | zishaf the Vine Stalker Brigand began the quest for the
                  | Orb.
     0 | D:1      | Reached XP level 1. HP: 11/11 MP: 2/2
   517 | D:1      | Reached skill level 5 in Stealth
   517 | D:1      | Reached XP level 2. HP: 12/15 MP: 3/3
   573 | D:1      | Found a faded altar of an unknown god.
   936 | D:1      | You fall into a shaft and drop 1 floor!
  1020 | D:1      | Reached XP level 3. HP: 16/18 MP: 2/4
  1563 | D:2      | Found a glowing silver altar of Zin.
  1853 | D:2      | Slain by a gnoll

Illustrated notes

Levels and vault maps discovered:
D:1:      elethiomel_arrival_maze, layout_basic,
          shapermc_ecumenical_altar_notcrosses
D:2:      layout_basic, basic_altar

Skill      XL: |  1  2 |
---------------+-------+-----
Short Blades   | 2 |  2.3
Throwing       | 2 |  2.4
Stealth        | 5 |  5.3
Fighting       | 2 |  2.4
Dodging        | |  0.7

Action                   || total
-------------------------++-------
Melee: Dagger            ||   110
       Bite              ||    19
 Stab: Sleeping          ||     9
Armor: Robe              ||     7
       Ring mail         ||    39
Dodge: Dodged            ||    56

Table legend: (Time is in decaauts)
 A = Elapsed time spent in this place.
 B = Non-inter-level travel time spent in this place.
 C = Inter-level travel time spent in this place.
 D = Time resting spent in this place.
 E = Time spent auto-exploring this place.
 F = Levels seen in this place.
 G = Mean time per level.
                   A        B        C        D        E       F      G
               +--------+--------+--------+--------+--------+-----+--------+
         Total |   1843 |   1764 |     79 |    189 |   1277 |   2 |  921.5 |
       Dungeon |   1843 |   1764 |     79 |    189 |   1277 |   2 |  921.5 |
               +--------+--------+--------+--------+--------+-----+--------+

Top non-repeatable levels by time:
     D:1: 1444 daAuts
     D:2: 398 daAuts
